 Dungeon Crawl Stone Soup version 0.26-a0-597-gb535b0901c (webtiles) character file.

Game seed: 12386571609840601230

132 MrRokkomies the Chiller (level 4, -4/25 HPs)
             Began as a Deep Elf Ice Elementalist on Aug 27, 2020.
             Killed by divine providence
             ... invoked by an orc priest
              (15 damage)
             ... on level 3 of the Dungeon.
             The game lasted 00:04:31 (2087 turns).

MrRokkomies the Chiller (Deep Elf Ice Elementalist) Turns: 2087, Time: 00:04:32

Health: -4/25      AC:  4    Str:  5    XL:     4   Next: 92%
Magic:  2/11       EV: 16    Int: 21    God:
Gold:   57         SH:  4    Dex: 15    Spells: 3/10 levels left

rFire    + . .     SeeInvis .   a - +2 dagger (drain)
rCold    . . .     Faith    .   k - +0 buckler
rNeg     . . .     Spirit   .   l - +1 leather armour {rF+}
rPois    .         Reflect  .   (no helmet)
rElec    .         Harm     .   (no cloak)
rCorr    .                      (no gloves)
MR       .....                  (no boots)
Stlth    ++........             (no amulet)
HPRegen  0.08/turn              b - +4 ring of evasion
MPRegen  0.12/turn              (no ring)

@: frozen ramparts, very slightly contaminated
A: no striking features
a: no special abilities


You were on level 3 of the Dungeon.
You visited 1 branch of the dungeon, and saw 3 of its levels.

You collected 57 gold pieces.

Inventory:

Hand Weapons
 a - a +2 dagger of draining (weapon)
Armour
 k - a +0 buckler (worn)
 l - a +1 leather armour of fire resistance (worn)
Jewellery
 b - a +4 ring of evasion (left hand)
 e - an uncursed amulet of faith
Wands
 c - a wand of disintegration (18)
 d - a wand of digging (5)
Scrolls
 j - 3 scrolls of remove curse
Potions
 f - a potion of stabbing {unknown}
 g - a potion of magic {unknown}
 h - a potion of heal wounds {unknown}


   Skills:
 + Level 1.1 Fighting
 + Level 4.0 Dodging
 - Level 2.4 Stealth
 * Level 0.8 Shields
 + Level 3.7 Spellcasting
 * Level 5.3 Ice Magic


You had 3 spell levels left.
You knew the following spells:

 Your Spells              Type           Power        Failure   Level
a - Freeze                Ice            ####         3%          1
b - Frozen Ramparts       Ice            ####..       11%         3
c - Ozocubu's Armour      Ice            ####....     11%         3

Your spell library contained the following spells:

 Spells                   Type           Power        Failure   Level
 Hailstorm                Conj/Ice       ###.....     71%         4
 Summon Ice Beast         Ice/Summ       ###.....     71%         4


Dungeon Overview and Level Annotations

Branches:
Dungeon (3/15)

Altars:
Qazlal


Message History

Confirm with . or Enter, or press ? or * to list all spells.
The spell is quite dangerous to cast (11% risk of failure)!
Continue anyway?
You miscast Frozen Ramparts.
You are very lightly contaminated with residual magic.
Nothing appears to happen.
Casting: Frozen Ramparts (quite dangerous; 11% risk of failure)
Confirm with . or Enter, or press ? or * to list all spells.
The spell is quite dangerous to cast (11% risk of failure)!
Continue anyway?
The walls around you are covered in ice.
The wall freezes the orc priest!
The wall freezes the hobgoblin.
The hobgoblin hits you.
You hit the hobgoblin but do no damage.
The hobgoblin is severely wounded.
The wall freezes the hobgoblin.
You kill the hobgoblin!
The wall freezes the orc priest.
The orc priest mumbles some strange prayers to Beogh against you.
Beogh smites you!
Ouch! That really hurt!
You die...

..####.....#,,,,..,,,*
...#
*##.######.#***,***
#..# #.###....*
*,,,*##** ...#
#.##..#*** *,,,...,*
...# ##.#..####
*,,....,* #..#
#........### *,.....,*
...#
#.######..o###......,*
..## #.#
#####$r...$....,* #.#
#.# *#....@#########**
..#####.###..###...#
..##........#* ###.#
.....#.###### #.###
...###.# #..<##
.....#.## ###..##
.#.....)# ##.>###
..#.....####### ##...#
..#...#..†....#####
###.###


You could see an orc priest and a rat.

Vanquished Creatures
  An orc wizard (D:3)
  2 adders
  A worm (D:2)
  3 dart slugs (D:1)
  A leopard gecko (D:3)
  8 orcs (D:3)
  A ball python (D:1)
  4 giant cockroaches
  7 goblins
  8 hobgoblins
  10 kobolds
  A quokka (D:3)
  8 bats
  6 frilled lizards
  5 rats
66 creatures vanquished.

Notes
Turn   | Place    | Note
-------+----------+-------------------------------------------
     0 | D:1      | MrRokkomies the Deep Elf Ice Elementalist began the quest
                  | for the Orb.
     0 | D:1      | Reached XP level 1. HP: 10/10 MP: 6/6
   162 | D:1      | Reached XP level 2. HP: 15/15 MP: 6/8
   522 | D:1      | Reached XP level 3. HP: 17/20 MP: 6/9
   534 | D:1      | Learned a level 3 spell: Frozen Ramparts
   538 | D:1      | Learned a level 3 spell: Ozocubu's Armour
  1239 | D:2      | Reached skill level 5 in Ice Magic
  1715 | D:2      | Reached XP level 4. HP: 24/24 MP: 7/11
  1750 | D:2      | Found a stormy altar of Qazlal.
  1778 | D:3      | Reached skill level 1 in Fighting
  2087 | D:3      | Killed from afar by an orc priest

Illustrated notes

Levels and vault maps discovered:
D:1:      ncdulo_wetmaze, layout_rooms
D:2:      layout_rooms, lemuel_coloured_pillars_altar
D:3:      layout_rooms, hangedman_decor_growths, uniq_sigmund

Skill      XL: |  1  2  3  4 |
---------------+-------------+-----
Dodging        | 3 4 |  4.0
Ice Magic      | 5 |  5.3
Fighting       | 1 |  1.1
Stealth        | |  2.4
Shields        | |  0.8
Spellcasting   | |  3.7

Action                   |  1- 3 |  4- 6 || total
-------------------------+-------+-------++-------
Melee: Unarmed           |     6 |       ||     6
       Dagger            |    14 |    20 ||    34
       Mace              |    54 |     8 ||    62
 Cast: Freeze            |    41 |       ||    41
       Frozen Ramparts   |     3 |     4 ||     7
  Use: Scroll            |       |     5 ||     5
 Stab: Sleeping          |     1 |     1 ||     2
Armor: Robe              |    12 |     2 ||    14
Dodge: Dodged            |   117 |    22 ||   139
Block: Buckler           |     1 |     5 ||     6

Table legend: (Time is in decaauts)
 A = Elapsed time spent in this place.
 B = Non-inter-level travel time spent in this place.
 C = Inter-level travel time spent in this place.
 D = Time resting spent in this place.
 E = Time spent auto-exploring this place.
 F = Levels seen in this place.
 G = Mean time per level.
                   A        B        C        D        E       F      G
               +--------+--------+--------+--------+--------+-----+--------+
         Total |   2116 |   2068 |     48 |     21 |   1597 |   3 |  705.3 |
       Dungeon |   2116 |   2068 |     48 |     21 |   1597 |   3 |  705.3 |
               +--------+--------+--------+--------+--------+-----+--------+

Top non-repeatable levels by time:
     D:1: 902 daAuts
     D:2: 889 daAuts
     D:3: 324 daAuts
